 Dungeon Crawl Stone Soup version 0.24-b1-44-g37ad8b309f (webtiles) character file.

Game seed: 8948408759404684300, levelgen mode: deterministic

1263 Emblim88 the Ruffian (level 8, -5/80 HPs)
             Began as a Troll Monk on Oct 24, 2019.
             Was a Believer of Qazlal.
             Splashed by a jelly's acid (7 damage)
             ... on level 5 of the Dungeon.
             The game lasted 00:06:36 (3278 turns).

Emblim88 the Ruffian (Troll Monk)                   Turns: 3278, Time: 00:06:38

Health: -5/80      AC: -2    Str: 21    XL:     8   Next: 27%
Magic:  8/8        EV: 12    Int:  6    God:    Qazlal [**....]
Gold:   126        SH:  2    Dex: 13    Spells: 7/7 levels left

rFire    . . .     SeeInvis .     - Unarmed
rCold    + . .     Gourm    +   (no shield)
rNeg     . . .     Faith    .   a - +0 robe
rPois    .         Spirit   .   (helmet restricted)
rElec    .         Reflect  .   (no cloak)
rCorr    .         Harm     .   (gloves unavailable)
MR       .....                  (boots unavailable)
Stlth    +.........             (no amulet)
HPRegen  0.63/turn              o - ring of protection from cold
MPRegen  0.11/turn              (no ring)

@: corroded, hasted, very quick
A: large, unfitting armour, claws 3, fast metabolism 3, gourmand, regeneration
1, shaggy fur 1, tough skin 3
a: Upheaval, Renounce Religion


You were on level 5 of the Dungeon.
You worshipped Qazlal.
Qazlal was pleased with you.
You were not hungry.

You visited 2 branches of the dungeon, and saw 6 of its levels.

You collected 126 gold pieces.

Inventory:

Armour
 a - a +0 robe (worn)
Jewellery
 o - a ring of protection from cold (left claw)
Wands
 n - a wand of iceblast (9)
Scrolls
 c - 6 scrolls of teleportation
 d - 3 scrolls of amnesia
 j - a scroll of remove curse
Potions
 e - a potion of flight
 k - a potion of magic
 l - a potion of haste
 m - a potion of brilliance
Comestibles
 b - 12 rations


   Skills:
 + Level 5.0 Fighting
 + Level 5.0 Dodging
 - Level 1.0 Stealth
 + Level 6.0 Unarmed Combat
 + Level 2.3 Invocations
 + Level 1.9 Evocations


You had 7 spell levels left.
You didn't know any spells.
Your spell library was empty.

Dungeon Overview and Level Annotations

Branches:
Dungeon (5/15)             Temple (1/1) D:4

Altars:
Ashenzari
Cheibriados
Dithmenos
Fedhas
Gozag
Hepliaklqana
Kikubaaqudgha
Makhleb
Nemelex Xobeh
Okawaru
Qazlal
Ru
Sif Muna
Trog
Uskayaw
Vehumet
Wu Jian
Xom
Yredelemnul
Zin
The Shining One

Shops:
D:5 [[

Annotations:
D:3 2 transporters, Curus's ghost, amateur MiGl


Innate Abilities, Weirdness & Mutations

You are too large for most types of armour.
You have claws for hands.
Your metabolism is lightning-fast.
You like to eat raw meat.
Your natural rate of healing is unusually fast.
You are covered in fur. (AC +1)
You have extremely tough skin. (AC +3)


Message History

The acid corrodes you!
You are splashed with acid!
* * * LOW HITPOINT WARNING * * *
You scratch the jelly.
You kill the jelly!
Qazlal accepts your kill.
Your Fighting skill increases to level 5!
Your Dodging skill increases to level 5!
You block the gnoll's attack.
You feel better. You block the gnoll's attack.
You feel yourself speed up. The gnoll barely misses you.
You scratch the gnoll but do no damage. You block the gnoll's attack.
You closely miss the gnoll. The gnoll hits you with a +0 whip!
* * * LOW HITPOINT WARNING * * *
You claw the gnoll!
You kill the gnoll!
Qazlal accepts your kill. The jelly hits you.
* * * LOW HITPOINT WARNING * * *
The acid corrodes you!
You are splashed with acid!
You die...

.......# ......# .
(..... ..## #....# ####
....##....###########...
........................
.......J................
...#.)@.........<>.....
..#...#########..##..#
#.#.#.........#..##.##
#.#.#.....#...#...#.#$
#.#.#.........#...#.#.
#.#.#...#.∩.#.#..∩#.#.
#.#.#.........#...#.##
#.#.......#...#...#..#
#.##....>.....'...#...


You could see a jelly.

Vanquished Creatures
  Pikel (D:4)
  Grinder (D:4)
  Eustachio (D:4)
  A jelly (D:5)
  A crimson imp (D:5)
  An orc priest (D:3)
  A bullfrog skeleton (D:4)
  Ijyb (D:4)
  An iguana (D:4)
  An orc wizard (D:4)
  A gnoll (D:5)
  A howler monkey skeleton (D:4)
  12 adders
  An ooze (D:3)
  An adder zombie (D:4)
  2 worms
  3 dart slugs
  6 leopard geckos
  8 orcs
  A ball python (D:3)
  5 bats (D:2)
  5 giant cockroaches
  4 goblins
  6 hobgoblins
  8 jackals
  5 kobolds
  2 quokkas
  5 frilled lizards
  4 rats
90 creatures vanquished.

Vanquished Creatures (others)
  A plant (D:3)
1 creature vanquished.

Grand Total: 91 creatures vanquished

Notes
Turn   | Place    | Note
-------+----------+-------------------------------------------
     0 | D:1      | Emblim88 the Troll Monk began the quest for the Orb.
     0 | D:1      | Reached XP level 1. HP: 22/22 MP: 0/0
    77 | D:1      | Reached XP level 2. HP: 29/29 MP: 1/1
   524 | D:2      | Reached XP level 3. HP: 35/36 MP: 2/2
   713 | D:2      | Reached XP level 4. HP: 41/45 MP: 3/3
   845 | D:2      | Reached skill level 4 in Unarmed Combat
  1053 | D:2      | Reached XP level 5. HP: 53/53 MP: 4/4
  1133 | D:3      | Found a transporter.
  1498 | D:3      | Found a shimmering blue altar of Sif Muna.
  1609 | D:3      | Found a transporter.
  1624 | D:3      | Noticed Curus's ghost (amateur MiGl)
  1852 | D:4      | Reached XP level 6. HP: 41/62 MP: 5/5
  1932 | D:4      | Found a staircase to the Ecumenical Temple.
  2105 | Temple   | Entered the Ecumenical Temple
  2257 | Temple   | Became a worshipper of Qazlal Stormbringer
  2257 | Temple   | Reached * piety under Qazlal
  2257 | Temple   | Reached ** piety under Qazlal
  2373 | D:4      | Noticed Ijyb
  2378 | D:4      | Killed Ijyb
  2438 | D:4      | Noticed Grinder
  2441 | D:4      | Paralysed by Grinder for 5 turns
  2457 | D:4      | Killed Grinder
  2457 | D:4      | Reached skill level 5 in Unarmed Combat
  2457 | D:4      | Reached XP level 7. HP: 35/70 MP: 6/6
  2548 | D:4      | Noticed Eustachio
  2568 | D:4      | Killed Eustachio
  2590 | D:4      | Noticed Pikel
  2606 | D:4      | Killed Pikel
  2606 | D:4      | Reached skill level 1 in Evocations
  2606 | D:4      | Reached XP level 8. HP: 60/79 MP: 6/8
  2976 | D:5      | Entered Level 5 of the Dungeon
  2976 | D:5      | Found Ympoyrgh's Antique Armour Shop.
  3009 | D:5      | Reached skill level 6 in Unarmed Combat
  3010 | D:5      | Found Vasoir's Antique Armour Shoppe.
  3273 | D:5      | Reached skill level 5 in Fighting
  3273 | D:5      | Reached skill level 5 in Dodging
  3277 | D:5      | HP: 4/80 [gnoll/+0 whip (9)]
  3278 | D:5      | Splashed by a jelly's acid

Skill      XL: |  1  2  3  4  5  6  7  8 |
---------------+-------------------------+-----
Fighting       | 3 4 5 |  5.0
Dodging        | 3 4 5 |  5.0
Unarmed Combat | 4 5 6 |  6.0
Invocations    | 2 |  2.3
Evocations     | 1 |  1.9
Stealth        | |  1.0

Action                   |  1- 3 |  4- 6 |  7- 9 || total
-------------------------+-------+-------+-------++-------
Melee: Unarmed           |    82 |   117 |    66 ||   265
       Punch             |     3 |     3 |     1 ||     7
  Use: Scroll            |       |       |     8 ||     8
       Potion            |       |       |     6 ||     6
 Stab: Sleeping          |     1 |     1 |       ||     2
  Eat: Chunk             |     8 |    17 |     6 ||    31
Armor: Robe              |    27 |    32 |     7 ||    66
Dodge: Dodged            |    40 |    52 |    32 ||   124
Block: Other             |       |     1 |     6 ||     7
